 Dungeon Crawl Stone Soup version 0.31-a0-865-g3d5d91748a (webtiles) character file.

Game seed: 3296555611706344205

382 wvc the Firebug (level 6, -2/32 HPs)
             Began as a Gargoyle Fire Elementalist on Oct 10, 2023.
             Was an Initiate of the Shining One.
             Slain by Pikel
             ... wielding a +2 whip of freezing
              (8 damage)
             ... on level 3 of the Dungeon.
             The game lasted 00:13:13 (4792 turns).

wvc the Firebug (Gargoyle Fire Elementalist)        Turns: 4792, Time: 00:13:14

Health: -2/32      AC:  6    Str: 11    XL:     6   Next: 76%
Magic:  1/11       EV: 11    Int: 18    God:    the Shining One [......]
Gold:   312        SH:  0    Dex: 10    Spells: 5/12 levels left

rFire   . . .        (no weapon)
rCold   . . .        (no shield)
rNeg    + . .        a - +0 robe
rPois   ∞            (no helmet)
rElec   +            (no cloak)
rCorr   .            (no gloves)
SInv    .            (no boots)
Will    +....        (no amulet)
Stlth   +            (no ring)
HPRegen 0.25/turn    (no ring)
MPRegen 0.12/turn

%: no passive effects
@: enlightened, flying, glowing
A: sickness immunity, AC +4, negative energy resistance 1, electricity
resistance, torment resistance 1, petrification resistance
a: Renounce Religion


You were on level 3 of the Dungeon.
You worshipped the Shining One.
The Shining One was noncommittal.
You visited 1 branch of the dungeon, and saw 4 of its levels.

You collected 312 gold pieces.

Inventory:

Hand Weapons
 d - the +1 mace "Sogeuwua" {venom, *Corrode Str+2 Int+5 SInv}
   (You found it on level 4 of the Dungeon)

   Str+2:     It affects your strength (+2).
   Int+5:     It affects your intelligence (+5).
   SInv:      It lets you see invisible.
   *Corrode:  It may corrode you when you take damage.
 m - a +0 mace of holy wrath
Armour
 a - a +0 robe (worn)
Scrolls
 c - 4 scrolls of identify
 e - 2 scrolls of noise {unknown}
 g - a scroll of poison {unknown}
 h - a scroll of blinking {unknown}
 i - a scroll of fear {unknown}
 j - a scroll of fog {unknown}
Potions
 b - 2 potions of magic
 f - a potion of attraction


   Skills:
 - Level 1.5 Dodging
 - Level 2.1 Stealth
 + Level 3.8 Spellcasting
 * Level 4.6 Conjurations
 + Level 4.7 Fire Magic


You had 5 spell levels left.
You knew the following spells:

 Your Spells              Type           Power      Damage    Failure   Level
a - Foxfire               Conj/Fire      80%        2x1d8     2%          1
b - Scorch                Fire           40%        2d6       3%          2
c - Flame Wave            Conj/Fire      20%        2d7       22%         4

Your spell library contained the following spells:

 Spells                   Type           Power      Damage    Failure   Level
 Inner Flame              Hex/Fire       11%        N/A       17%         3
 Volatile Blastmotes      Fire/Tloc      22%        2d11      17%         3
 Wereblood                Tmut           3%         N/A       22%         2
 Irradiate                Conj/Tmut      5%         3d13      85%         5


Dungeon Overview and Level Annotations

Branches:
Dungeon (4/15)
 Temple: D:4-7

Altars:
Nemelex Xobeh
The Shining One

Annotations:
D:3 Pikel


Innate Abilities, Weirdness & Mutations

You are immune to sickness and miasma.
Your stone body is resilient. (AC +4)
You are immune to poison.
You resist negative energy. (rN+)
You are resistant to electric shocks. (rElec)
You are resistant to unholy torment.
You are immune to petrification.


Message History

You are now empty-handed.
Pikel hits you with a +2 whip of freezing!
* * * LOW HITPOINT WARNING * * *
Pikel freezes you.
* * * LOW HITPOINT WARNING * * *
You feel much better.
Pikel hits you with a +2 whip of freezing.
Pikel freezes you.
It was a potion of enlightenment.
You feel very buoyant.
You fly up into the air.
Pikel barely misses you. Pikel attacks as he pursues you!
Pikel closely misses you. Pikel attacks as he pursues you!
Pikel hits you with a +2 whip of freezing!
Pikel freezes you.
You are no longer corroded.
Pikel cracks his whip.
Casting: Foxfire (safe; 2% risk of failure)
Press: ? - help, Q - select action, (/) - cycle Dir - look around, f - activate You conjure some foxfire!
The foxfire hits Pikel but does no damage.
Pikel is heavily wounded.
The foxfire hits Pikel but does no damage.
Pikel is heavily wounded.
Pikel attacks as he pursues you! Pikel closely misses you.
Casting: Foxfire (safe; 2% risk of failure)
Confirm with . or Enter, or press ? or * to list all spells.
Flames lash Pikel.
Pikel is heavily wounded.
Pikel's fire resistance burns away.
Pikel barely misses you.
Pikel hits you with a +2 whip of freezing!
* * * LOW HITPOINT WARNING * * *
Pikel freezes you.
* * * LOW HITPOINT WARNING * * *
Casting: Foxfire (safe; 2% risk of failure)
Press: ? - help, Q - select action, (/) - cycle Dir - look around, f - activate You conjure some foxfire!
Pikel hits you with a +2 whip of freezing!
You die...
Pikel says, "See you in Hell!"

#################### ####
#........#.....>...# ####...
#.######.#.#######.# #...... #.#
#.#.# #.# ###...... ##.######.#.#
#####.#####........ .......##.#.#
#...........#......
##.###.##.#.###.###.#######......
#.##...#.#....v....# #.......
#.##...#.#####K@.### ##...###
#........# ###v# ##.## #####.####
#.# #.# #.# #####)### #.# #.#
#.......# ##+## #.# #.###.#.#
##...## ###.# #.# #.#.# ##.....##
##.#.# #.###...# ##.......#
##....######.#.....####.........


You could see Pikel (combustible, ally target).

Vanquished Creatures
  A lemure (D:4)
  A scorpion (D:4)
  Terence (D:3)
  Natasha (thrice) (D:3)
  7 gnolls (D:3)
  A worm (D:2)
  3 dart slugs
  4 orcs (D:4)
  5 bats
  9 endoplasms
  2 giant cockroaches
  30 goblins
  29 hobgoblins
  11 jackals
  9 kobolds
  3 quokkas
  5 ball pythons
  2 frilled lizards
  2 rats (D:1)
128 creatures vanquished.

Vanquished Creatures (others)
  345 foxfires
345 creatures vanquished.

Grand Total: 473 creatures vanquished

Notes
Turn   | Place    | Note
-------+----------+-------------------------------------------
     0 | D:1      | wvc the Gargoyle Fire Elementalist began the quest for the
                  | Orb.
     0 | D:1      | Reached XP level 1. HP: 10/10 MP: 3/3
   183 | D:1      | Reached XP level 2. HP: 15/15 MP: 0/5
   653 | D:1      | Reached XP level 3. HP: 17/19 MP: 3/6
  1839 | D:2      | Reached XP level 4. HP: 24/24 MP: 4/7
  2311 | D:3      | Learned a level 2 spell: Scorch
  2316 | D:3      | Learned a level 4 spell: Flame Wave
  2461 | D:3      | Noticed Natasha
  2471 | D:3      | Killed Natasha
  2558 | D:3      | Noticed Terence
  2565 | D:3      | Killed Terence
  2566 | D:3      | Reached XP level 5. HP: 21/28 MP: 1/9
  2724 | D:3      | Found a sparkling altar of Nemelex Xobeh.
  2734 | D:3      | Noticed Natasha
  2742 | D:3      | Killed Natasha
  2922 | D:3      | Found a faded altar of an unknown god.
  2948 | D:3      | Found a glowing golden altar of the Shining One.
  2956 | D:3      | Became a worshipper of the Shining One
  3288 | D:3      | Noticed Natasha
  3295 | D:3      | Killed Natasha
  3429 | D:3      | Reached XP level 6. HP: 24/32 MP: 2/11
  4585 | D:4      | Identified the +1 mace "Sogeuwua" {venom, *Corrode Str+2
                  | Int+5 SInv}
  4734 | D:4      | Noticed Pikel
  4792 | D:3      | Slain by Pikel

Illustrated notes

Levels and vault maps discovered:
D:1:      wander_arrival_abandoned_jail, layout_loops_corners
D:2:      layout_basic
D:3:      minmay_goblin_kobold_castle, layout_loops_corners,
          mainiacjoe_overflow_boulevard, nicolae_tso_swordbearing_angel,
          basic_ecumenical_altar, uniq_terence, uniq_natasha
D:4:      layout_cave_pools, kennysheep_little_box,
          lemuel_mausoleum_altar_yredelemnul,
          chequers_temple_overflow_statue_of_worship, serial_column_ruins,
          column_ruins_square_medium, column_ruins_hut_ruined,
          column_ruins_grid_1, column_ruins_open_tiny,
          column_ruins_columns_straight, column_ruins_columns_corner, uniq_pikel

Skill      XL: |  1  2  3  4  5  6 |
---------------+-------------------+-----
Conjurations   | 2 3 4 |  4.6
Spellcasting   | 3 |  3.8
Fire Magic     | 4 |  4.7
Dodging        | |  1.5
Stealth        | |  2.1

Action                     |  1- 3 |  4- 6 || total
---------------------------+-------+-------++-------
  Melee: Unarmed           |    20 |     9 ||    29
         Punch             |     1 |       ||     1
   Cast: Foxfire           |    69 |   132 ||   201
         Scorch            |       |     8 ||     8
    Use: Potion            |       |     3 ||     3
         Scroll            |       |     2 ||     2
   Stab: Sleeping          |       |     1 ||     1
 Armour: Robe              |    28 |    46 ||    74
  Dodge: Dodged            |    28 |    44 ||    72

Table legend: (Time is in decaauts)
 A = Elapsed time spent in this place.
 B = Non-inter-level travel time spent in this place.
 C = Inter-level travel time spent in this place.
 D = Time resting spent in this place.
 E = Time spent auto-exploring this place.
 F = Levels seen in this place.
 G = Mean time per level.
                   A        B        C        D        E       F      G
               +--------+--------+--------+--------+--------+-----+--------+
         Total |   4807 |   4727 |     80 |    563 |   3277 |   4 | 1201.8 |
       Dungeon |   4807 |   4727 |     80 |    563 |   3277 |   4 | 1201.8 |
               +--------+--------+--------+--------+--------+-----+--------+

Top non-repeatable levels by time:
     D:3: 2209 daAuts
     D:1: 1424 daAuts
     D:2: 873 daAuts
     D:4: 299 daAuts
